AoeStats
← Richoo

Arena

504576505Analyzed
4v4 RM · 28d ago on Sep 5, 2026· 37m 22s· 8 players
Game mode
Random Map
Map size
Large (8 player)
Population
200
Speed
Normal
Resources
Standard
Victory
Conquest
Starting age
Dark Age
Ending age
Imperial Age
RankedLock teamsTeams togetherTeam positionsShared explorationLock speedFull tech treeHidden civsTurbo modeCheats
Victory
Defeat
🇫🇷 Franks · France
931
+29
🇦🇷 Bengalis · Argentina
910
+11
🇬🇧 Japanese · United Kingdom
885
+12
🇫🇷 Persians · France
848
+14
🇨🇴 Inca · Colombia
831
-13
🇳🇿 Franks · New Zealand
813
-12
🇨🇴 Bulgarians · Colombia
804
-12
🇪🇸 Spanish · Spain
777
-11
jolman.info
0:37 Loom
12:04 Feudal Age
12:38 Double-Bit Axe
18:37 Castle Age
16:37 Horse Collar
16:50 Stone Mining
17:19 Gold Mining
19:46 Bow Saw
22:32 Heavy Plow
25:12 Elite Skirmisher
28:41 Squires
sergiorh300
0:55 Loom
11:06 Feudal Age
12:05 Double-Bit Axe
12:13 Gold Mining
13:29 Horse Collar
20:03 Castle Age
18:18 Stone Mining
19:52 Forging
19:42 Scale Mail Armor
21:24 Iron Casting
21:05 Chain Mail Armor
r.smith.jnr
0:49 Loom
11:12 Feudal Age
13:04 Wheelbarrow
12:18 Double-Bit Axe
13:08 Town Watch
13:30 Gold Mining
17:46 Stone Mining
20:06 Castle Age
18:16 Arson
19:56 Forging
21:58 Hand Cart
22:03 Bow Saw
24:27 Fletching
24:39 Padded Archer Armor
25:08 Scale Mail Armor
26:57 Scale Barding Armor
27:57 Gold Shaft Mining
27:54 Fortified Wall
pauss33
7:09 Loom
9:40 Feudal Age
11:04 Wheelbarrow
10:18 Double-Bit Axe
13:54 Horse Collar
22:07 Castle Age
20:17 Stone Mining
20:34 Gold Mining
21:04 Man-at-Arms
22:13 Scale Mail Armor
23:40 Hand Cart
23:30 Heavy Plow
23:52 Bow Saw
32:42 Imperial Age
31:51 Stone Shaft Mining
The Architecht
9:43 Feudal Age
10:14 Double-Bit Axe
16:31 Castle Age
15:04 Horse Collar
15:58 Forging
17:32 Bow Saw
17:37 Heavy Plow
21:09 Loom
23:34 Wheelbarrow
24:30 Fletching
24:52 Forging
25:39 Hand Cart
29:10 Imperial Age
28:43 Gold Mining
29:08 Forging
30:29 Murder Holes
32:55 Iron Casting
32:22 Scale Mail Armor
32:13 Elite Samurai
35:43 Blast Furnace
34:59 Chain Mail Armor
37:55 Plate Mail Armor
93arthas
9:01 Loom
11:43 Feudal Age
12:13 Double-Bit Axe
13:03 Horse Collar
20:44 Castle Age
18:44 Gold Mining
19:33 Fletching
21:28 Wheelbarrow
20:50 Crossbowman
21:48 Padded Archer Armor
21:52 Man-at-Arms
23:01 Long Swordsman
35:09 Imperial Age
36:20 Conscription
MrChronos
5:23 Loom
12:52 Feudal Age
14:17 Wheelbarrow
18:11 Castle Age
16:59 Scale Barding Armor
16:49 Gold Mining
17:02 Horse Collar
17:37 Double-Bit Axe
18:12 Stone Mining
19:29 Husbandry
20:01 Bow Saw
21:10 Heavy Plow
32:49 Kamandaran
33:34 Forging
34:10 Crossbowman
Richoo
0:34 Loom
11:48 Feudal Age
13:15 Wheelbarrow
12:42 Double-Bit Axe
19:14 Forging
21:51 Castle Age
19:55 Gold Mining
20:43 Man-at-Arms
21:15 Arson
22:18 Scale Barding Armor
22:20 Stone Mining
26:45 Hand Cart
30:27 Town Watch
Connection lost

Rejoining the realm…

Still unreachable

The connection could not be restored.

Session expired

The server has moved on; the page needs a fresh start.